 Dungeon Crawl Stone Soup version 0.21-a0-143-g1ab7d47 (webtiles) character file.

1567 nubinia the Conjurer (level 8, -7/64 HPs)
             Began as a Tengu Fire Elementalist on July 25, 2017.
             Was a Believer of Sif Muna.
             Engulfed by a cloud of flame (14 damage)
             ... on level 6 of the Dungeon.
             The game lasted 00:25:52 (7756 turns).

nubinia the Conjurer (Tengu Fire Elementalist)      Turns: 7756, Time: 00:25:53

Health: -7/64      AC: 31    Str:  9    XL:     8   Next: 90%
Magic:  13/16      EV:  2    Int: 17    God:    Sif Muna [**....]
Gold:   322        SH:  0    Dex: 15    Spells: 6/16 levels left

rFire    . . .     SeeInvis .   h - +6 dagger (protect)
rCold    . . .     Gourm    .   (no shield)
rNeg     + + +     Faith    .   (armour currently unavailable)
rPois    +         Spirit   .   (helmet currently unavailable)
rElec    .         Reflect  .   (cloak currently unavailable)
rCorr    .         Harm     .   (gloves currently unavailable)
MR       .....     NoTele   +   (boots unavailable)
Stlth    +.........             (no amulet)
HPRegen  0.20/turn              u - ring of positive energy
MPRegen  0.15/turn              (no ring)

@: confused, tree-form, protection aura, hasted, divine energy, very quick
A: able to fly 1
a: Fly, Stop Divine Energy, Renounce Religion


You were on level 6 of the Dungeon.
You worshipped Sif Muna.
Sif Muna was pleased with you.
You were not hungry.
You were a tree.
You visited 1 branch of the dungeon, and saw 6 of its levels.

You collected 322 gold pieces.

Inventory:

Hand Weapons
 d - a +0 dagger
 f - a +1 dagger of flaming
 h - a +6 dagger of protection (weapon)
Armour
 a - a +0 robe (melded)
Jewellery
 u - a ring of positive energy (left branch)
Wands
 v - a wand of flame (28/48)
 x - a wand of paralysis (11/24)
Scrolls
 i - 4 scrolls of remove curse
 m - 4 scrolls of identify
 r - a scroll of immolation
Potions
 e - a potion of heal wounds {unknown}
 j - 3 potions of flight
 k - a potion of might
 w - a potion of agility {unknown}
Books
 b - a book of Flames

   Spells                             Type                      Level
   a - Flame Tongue                   Conjuration/Fire             1
   b - Throw Flame                    Conjuration/Fire             2
   c - Conjure Flame                  Conjuration/Fire             3
   d - Inner Flame                    Hexes/Fire                   3
   e - Sticky Flame                   Conjuration/Fire             4
   f - Fireball                       Conjuration/Fire             5
 o - Sif Muna's Grimoire of Unholy Secrets
   (You found it on level 3 of the Dungeon)

   Spells                             Type                      Level
   a - Pain                           Necromancy                   1
Comestibles
 c - 5 bread rations
 p - 2 meat rations
 s - a royal jelly


   Skills:
 + Level 1.1 Fighting
 + Level 2.6 Short Blades
 + Level 3.2 Dodging
 + Level 3.9 Stealth
 + Level 4.7 Spellcasting
 * Level 7.8 Conjurations
 * Level 7.2 Fire Magic


You had 6 spell levels left.
You knew the following spells:

 Your Spells              Type           Power        Failure   Level  Hunger
a - Flame Tongue          Conj/Fire      ####.        1%          1    None
b - Throw Flame           Conj/Fire      ####..       1%          2    #......
c - Conjure Flame         Conj/Fire      ####....     1%          3    ###....
d - Sticky Flame          Conj/Fire      ####....     6%          4    ####...


Dungeon Overview and Level Annotations

Branches:
Dungeon (6/15)
 Temple: D:4-7

Altars:
Dithmenos
Sif Muna

Annotations:
D:6 zkyp's ghost, novice MiWr


Innate Abilities, Weirdness & Mutations

((You have a beak for a mouth.))
((You have claws for feet.))
You can fly.


Message History

The ice beast is engulfed in blazing flames.
The ice beast hits you. The ice beast freezes you.
Something hits you but does no damage.
The ice beast is engulfed in blazing flames.
The ice beast explodes!
The fiery explosion engulfs you! Sif Muna accepts your kill.
You hear a shout!
Unknown command.
You hit something.
You are engulfed in blazing flames.
* * * LOW HITPOINT WARNING * * *
The crimson imp blinks!
Something hits you but does no damage.
You closely miss something.
You are engulfed in blazing flames.
* * * LOW HITPOINT WARNING * * *
You hear some strange, mumbled words.
You are confused.
You cannot move. (Use ctrl+direction to attack without moving.)
You are more confused.
You feel invigorated.
You are engulfed in blazing flames.
You die...

...........#
......##(..#
#...###...##
....##.....#
...####...########
.#.# ##...{.o.o.#
.#.# #(#######o#
.#.# #)# #{# .#.#
#o# #♣# .#.# o..
#.# .#.# .§oo. #§#
...# ....... #..
####......... ##.
...'.........+ ..
####.........# ..
# #§.


You could see 2 orcs.

Vanquished Creatures
  Prince Ribbit (D:5)
  Eustachio (D:5)
  An ice beast (D:6)
  A phantom (D:5)
  A centaur (D:6)
  3 ogres
  A bullfrog (D:6)
  A water moccasin skeleton (D:5)
  A scorpion (D:4)
  A howler monkey (D:5)
  3 orc wizards
  A bullfrog skeleton (D:5)
  2 orc priests
  A gnoll shaman (D:4)
  2 worker ants (D:4)
  2 hound skeletons
  2 hound zombies (D:5)
  3 gnolls (D:4)
  7 adders
  A shadow imp (D:5)
  3 oozes
  A worm (D:3)
  An adder skeleton (D:5)
  2 dart slugs (D:2)
  4 leopard geckos
  10 orcs
  4 giant cockroaches
  7 goblins
  7 hobgoblins
  6 jackals
  4 quokkas
  A ball python (D:2)
  4 bats
  6 frilled lizards
  8 kobolds
  9 rats
113 creatures vanquished.

Notes
Turn   | Place    | Note
-------+----------+-------------------------------------------
     0 | D:1      | nubinia the Tengu Fire Elementalist began the quest for the Orb.
     0 | D:1      | Reached XP level 1. HP: 10/10 MP: 4/4
   318 | D:1      | Reached XP level 2. HP: 15/15 MP: 6/6
   338 | D:1      | Learned a level 2 spell: Throw Flame
  1220 | D:2      | Reached XP level 3. HP: 19/19 MP: 7/7
  1225 | D:2      | Learned a level 3 spell: Conjure Flame
  2040 | D:2      | Reached XP level 4. HP: 19/24 MP: 6/8
  2231 | D:2      | Reached skill level 1 in Short Blades
  2468 | D:3      | Found a deep blue altar of Sif Muna.
  2474 | D:3      | Became a worshipper of Sif Muna the Loreminder
  2640 | D:3      | Gained mutation: You can fly. [Tengu growth]
  2640 | D:3      | Reached XP level 5. HP: 28/28 MP: 6/10
  2646 | D:3      | Identified Sif Muna's Grimoire of Unholy Secrets
  4051 | D:4      | Reached XP level 6. HP: 24/33 MP: 2/11
  4876 | D:4      | Reached * piety under Sif Muna
  4876 | D:4      | Reached skill level 5 in Fire Magic
  5156 | D:5      | Entered Level 5 of the Dungeon
  5321 | D:4      | Reached skill level 5 in Conjurations
  5321 | D:4      | Reached XP level 7. HP: 23/37 MP: 3/12
  5455 | D:4      | Learned a level 4 spell: Sticky Flame
  6336 | D:5      | Found a shadowy altar of Dithmenos.
  6602 | D:5      | Reached XP level 8. HP: 31/42 MP: 9/14
  6655 | D:5      | Reached ** piety under Sif Muna
  6905 | D:5      | Noticed Prince Ribbit
  6912 | D:5      | Killed Prince Ribbit
  6912 | D:5      | Reached skill level 1 in Fighting
  7158 | D:5      | Noticed Eustachio
  7486 | D:5      | Killed Eustachio
  7564 | D:6      | Noticed zkyp's ghost (novice MiWr)
  7756 | D:6      | Engulfed by a cloud of flame

Vault maps used:
D:1:      ncdulo_lavacross
D:3:      first_bread, led_sif_book
D:5:      grunt_dithmenos_shadows, uniq_prince_ribbit1, uniq_eustachio
D:6:      corexii_shack, grunt_ministairs_13, uniq_pikel, uniq_blork_the_orc

Skill      XL: |  1  2  3  4  5  6  7  8 |
---------------+-------------------------+-----
Fire Magic     | 4 5 6 7 |  7.2
Short Blades   | 1 2 |  2.6
Conjurations   | 2 3 5 6 7 |  7.8
Stealth        | 3 |  3.9
Spellcasting   | 3 4 |  4.7
Dodging        | 3 |  3.2
Fighting       | 1 |  1.1

Action                   |  1- 3 |  4- 6 |  7- 9 || total
-------------------------+-------+-------+-------++-------
Melee: Dagger            |    73 |    22 |    58 ||   153
       Peck              |     6 |     4 |     8 ||    18
       Kick              |     9 |     7 |     6 ||    22
 Cast: Flame Tongue      |    17 |    43 |    31 ||    91
       Throw Flame       |     5 |    56 |    23 ||    84
       Sticky Flame      |       |       |     3 ||     3
       Conjure Flame     |       |       |     1 ||     1
Invok: Divine Energy     |       |     1 |       ||     1
 Abil: Fly               |       |    10 |     7 ||    17
  Use: Potion            |     1 |     1 |     6 ||     8
       Scroll            |     1 |     5 |     4 ||    10
 Stab: Sleeping          |     8 |       |     5 ||    13
       Distracted        |     1 |       |       ||     1
  Eat: Chunk             |     4 |    15 |     8 ||    27
       Royal jelly       |       |       |     1 ||     1
Armor: Robe              |     5 |     3 |     7 ||    15
       Skin              |       |       |     9 ||     9
Dodge: Dodged            |    53 |    13 |    36 ||   102
